 Dungeon Crawl Stone Soup version 0.29.1-15-g9cfb28693d (webtiles) character file.

Game seed: 11509892779049427326

63 LustLizard the Chucker (level 4, -4/41 HPs)
             Began as a Gnoll Wanderer on Mar 12, 2023.
             Slain by a phantom (5 damage)
             ... on level 4 of the Dungeon.
             The game lasted 00:03:25 (1969 turns).

LustLizard the Chucker (Gnoll Wanderer)             Turns: 1969, Time: 00:03:26

Health: -4/41      AC:  3    Str: 11    XL:     4   Next: 10%
Magic:  1/8        EV: 11    Int: 12    God:
Gold:   148        SH:  0    Dex: 13    Spells: 7/9 levels left

rFire   + . .      SeeInvis .   a - +0 dagger (vorpal)
rCold   + . .      Faith    .   (no shield)
rNeg    . . .      Spirit   .   e - +0 robe
rPois   +          Reflect  .   (no helmet)
rElec   +          Harm     .   j - +0 cloak
rCorr   +          Rampage  .   (no gloves)
Will    .....                   (no boots)
Stlth   ++........              (no amulet)
HPRegen 0.13/turn               (no ring)
MPRegen 0.11/turn               (no ring)

@: resistant
A: fangs 1, strong nose, distributed training
a: no special abilities


You were on level 4 of the Dungeon.
You visited 1 branch of the dungeon, and saw 3 of its levels.

You collected 148 gold pieces.

Inventory:

Hand Weapons
 a - a +0 vorpal dagger (weapon)
Missiles
 b - a curare-tipped dart
 f - 13 stones
Armour
 e - a +0 robe (worn)
 j - a +0 cloak (worn)
Wands
 c - a wand of polymorph (7)
Scrolls
 d - a scroll of silence
 h - a scroll of identify {unknown}
 i - a scroll of acquirement {unknown}
 l - a scroll of magic mapping {unknown}
 m - 2 scrolls of fear {unknown}
 n - a scroll of brand weapon {unknown}
Potions
 k - a potion of mutation {unknown}


   Skills:
 + Level 6.6 Fighting
 + Level 1.1 Short Blades
 + Level 1.1 Long Blades
 + Level 1.1 Axes
 + Level 1.1 Maces & Flails
 + Level 1.1 Polearms
 + Level 1.1 Staves
 + Level 1.1 Ranged Weapons
 + Level 6.6 Throwing
 + Level 1.1 Armour
 + Level 1.1 Dodging
 + Level 1.1 Stealth
 + Level 1.1 Shields
 + Level 1.1 Unarmed Combat
 + Level 3.0 Spellcasting
 + Level 0.8 Conjurations
 + Level 0.8 Hexes
 + Level 0.8 Summonings
 + Level 0.8 Necromancy
 + Level 0.8 Translocations
 + Level 0.8 Transmutations
 + Level 0.8 Fire Magic
 + Level 0.8 Ice Magic
 + Level 0.8 Air Magic
 + Level 0.8 Earth Magic
 + Level 2.2 Poison Magic
 + Level 2.8 Invocations
 + Level 2.7 Evocations


You had 7 spell levels left.
You knew the following spells:

 Your Spells              Type           Power      Damage    Failure   Level
a - Sting                 Tmut/Pois      20%        1d4       13%         1
b - Foxfire               Conj/Fire      12%        2x1d4     17%         1

Your spell library contained the following spells:

 Spells                   Type           Power      Damage    Failure   Level
 Sandblast                Erth           6%         2d5       17%         1
 Passwall                 Tmut/Erth      2%         N/A       26%         2
 Ignite Poison            Fire/Tmut/Pois 5%         N/A       38%         3
 Mephitic Cloud           Conj/Pois/Air  5%         N/A       38%         3
 Conjure Flame            Conj/Fire      3%         6-21      45%         3
 Inner Flame              Hex/Fire       3%         N/A       45%         3
 Stone Arrow              Conj/Erth      6%         3d7       45%         3
 Flame Wave               Conj/Fire      3%         2d5       86%         4
 Freezing Cloud           Conj/Ice/Air   1%         6-21      99%         5


Dungeon Overview and Level Annotations

Branches:
Dungeon (2/15)

Altars:


Innate Abilities, Weirdness & Mutations

You have very sharp teeth.
Your uncanny sense of smell can sniff out nearby items.
Your experience applies equally to all skills.


Message History

The phantom is heavily damaged.
The phantom barely misses you.
The foxfire hits the phantom but does no damage.
The phantom is heavily damaged.
You hit the phantom. You bite the phantom, but do no damage.
The phantom is severely damaged.
The phantom misses you.
Unknown command.
You hit the phantom but do no damage.
The phantom is severely damaged.
The phantom barely misses you.
Your magical contamination has completely faded away.
You closely miss the phantom. You bite the phantom, but do no damage.
The phantom is severely damaged.
The phantom hits you.
* * * LOW HITPOINT WARNING * * *
The phantom blinks!
You blink.
You closely miss the phantom.
The phantom is severely damaged.
The phantom hits you.
* * * LOW HITPOINT WARNING * * *
You closely miss the phantom.
The phantom is severely damaged.
The phantom closely misses you.
You closely miss the phantom.
The phantom is severely damaged.
The phantom hits you.
* * * LOW HITPOINT WARNING * * *
You barely miss the phantom. Your bite misses the phantom.
The phantom is severely damaged.
The phantom barely misses you.
You hit the phantom but do no damage.
The phantom is severely damaged.
The phantom hits you.
* * * LOW HITPOINT WARNING * * *
The phantom blinks!
You blink.
It was a potion of resistance.
You feel protected. The phantom hits you.
You die...

......h.....
.......####...........
##......##.........>...
.......................
........##..........?..
......... #............
........###.......##...
...#....W##....#......
.......@..#?...#.....#
......^..§.......#####
........##§......#
.##.....###......#
##..†...##......#
#.......#.....###
##..........#.#
#..##....#####
##........#


You could see a phantom.

Vanquished Creatures
  Jessica (D:2)
  2 adders (D:2)
  An orc (D:1)
  2 endoplasms (D:2)
  A giant cockroach (D:1)
  4 hobgoblins (D:1)
  A quokka (D:2)
  3 ball pythons
  2 bats (D:2)
  A frilled lizard (D:1)
  2 kobolds (D:1)
  A rat (D:2)
21 creatures vanquished.

Vanquished Creatures (others)
  33 foxfires
33 creatures vanquished.

Grand Total: 54 creatures vanquished

Notes
Turn   | Place    | Note
-------+----------+-------------------------------------------
     0 | D:1      | LustLizard the Gnoll Wanderer began the quest for the Orb.
     0 | D:1      | LustLizard set off with the following items: a +0 vorpal
                  | dagger, a curare-tipped dart, a wand of polymorph (7), a
                  | scroll of silence, a +0 robe; and the following spell
                  | memorised: Sting; and the following spells available to
                  | memorise: Mephitic Cloud.
     0 | D:1      | Reached XP level 1. HP: 23/23 MP: 4/4
   530 | D:1      | Reached XP level 2. HP: 29/29 MP: 3/5
   896 | D:1      | Found a faded altar of an unknown god.
  1349 | D:2      | Reached XP level 3. HP: 35/35 MP: 0/7
  1425 | D:2      | Learned a level 1 spell: Foxfire
  1592 | D:2      | Noticed Jessica
  1604 | D:2      | Killed Jessica
  1605 | D:2      | Reached skill level 1 in Short Blades
  1605 | D:2      | Reached skill level 1 in Long Blades
  1605 | D:2      | Reached skill level 1 in Axes
  1605 | D:2      | Reached skill level 1 in Maces & Flails
  1605 | D:2      | Reached skill level 1 in Polearms
  1605 | D:2      | Reached skill level 1 in Staves
  1605 | D:2      | Reached skill level 1 in Ranged Weapons
  1605 | D:2      | Reached skill level 1 in Armour
  1605 | D:2      | Reached skill level 1 in Dodging
  1605 | D:2      | Reached skill level 1 in Stealth
  1605 | D:2      | Reached skill level 1 in Shields
  1605 | D:2      | Reached skill level 1 in Unarmed Combat
  1608 | D:2      | Reached XP level 4. HP: 8/41 MP: 0/8
  1912 | D:2      | You fall into a shaft and drop 2 floors!
  1940 | D:4      | Noticed a phantom
  1968 | D:4      | HP: 1/41 [phantom (4)]
  1969 | D:4      | Slain by a phantom

Illustrated notes

Levels and vault maps discovered:
D:1:      tarquinn_simple_flora_water_b, layout_basic,
          shapermc_ecumenical_altar_acropolis
D:2:      layout_basic, uniq_jessica
D:4:      layout_cave_pools, mainiacjoe_overflow_six_doors_small

Skill      XL: |  1  2  3 |
---------------+----------+-----
Poison Magic   | 2 |  2.2
Short Blades   | 1 |  1.1
Long Blades    | 1 |  1.1
Axes           | 1 |  1.1
Maces & Flails | 1 |  1.1
Polearms       | 1 |  1.1
Staves         | 1 |  1.1
Ranged Weapons | 1 |  1.1
Armour         | 1 |  1.1
Dodging        | 1 |  1.1
Stealth        | 1 |  1.1
Shields        | 1 |  1.1
Unarmed Combat | 1 |  1.1
Spellcasting   | 3 |  3.0
Fighting       | |  6.6
Throwing       | |  6.6
Conjurations   | |  0.8
Hexes          | |  0.8
Summonings     | |  0.8
Necromancy     | |  0.8
Translocations | |  0.8
Transmutations | |  0.8
Fire Magic     | |  0.8
Ice Magic      | |  0.8
Air Magic      | |  0.8
Earth Magic    | |  0.8
Invocations    | |  2.8
Evocations     | |  2.7

Action                   |  1- 3 |  4- 6 || total
-------------------------+-------+-------++-------
Melee: Dagger            |    26 |    14 ||    40
       Bite              |       |     4 ||     4
 Cast: Sting             |    30 |       ||    30
       Foxfire           |    11 |     9 ||    20
  Use: Potion            |       |     1 ||     1
Armor: Robe              |    11 |     2 ||    13
Dodge: Dodged            |    33 |     6 ||    39
